Map: Acid Plant LE

Players

Demian

  • Race: Zerg Zerg
  • Spawn Location: 11:00

ZertoN - Winner!

  • Race: Terran Terran
  • League: Master
  • Spawn Location: 5:00

VOD

Have the link to the VOD?

Description

Time

  • Played on: June 15, 2018, 2:19 p.m.
  • Length: 13:05
Show
View Real Time Build Order
Export as new Build Order

Demian Zerg 

Build Orders: Pool First 

Get SALT Encoding   

  12  0:01  Drone  
  13  0:08  Drone  
  14  0:17  Overlord  
  14  0:23  Extractor  
  14  0:24  Drone  
  15  0:36  Drone x2  
  17  0:47  Spawning Pool  
  17  0:49  Drone  
  17  0:55  Drone  
  18  1:07  Drone  
  19  1:15  Hatchery  
  19  1:17  Drone  
  19  1:31  Extractor  
  18  1:34  Queen  
  18  1:35  Zergling x2  
  21  1:41  Drone  
  22  1:48  Overlord  
  22  2:00  Hatchery  
  21  2:09  Queen  
  23  2:18  Drone  
  23  2:19  Drone  
  23  2:21  Drone  
  26  2:29  Drone  
  27  2:32  Queen  
  27  2:36  Drone  
  30  2:38  Drone  
  30  2:46  Metabolic Boost  
  30  2:50  Drone x2  
  32  2:54  Drone  
  33  3:01  Drone  
  34  3:07  Drone  
  35  3:16  Drone x2  
  35  3:17  Drone x4  
  41  3:20  Drone  
  41  3:23  Overlord x2  
  42  3:39  Spore Crawler  
  41  3:42  Zergling x2  
  41  3:43  Zergling x10  
  41  3:46  Evolution Chamber  
  47  3:50  Zergling x2  
  47  3:51  Zergling x14  
  55  3:56  Zergling x6  
  58  4:15  Zerg Ground Armor Level 1  
  58  4:24  Overlord x2  
  55  4:40  Drone  
  55  4:41  Drone x2  
  55  4:42  Hatchery  
  55  4:43  Drone x11  
  55  4:44  Drone  
  60  4:50  Drone  
  58  4:55  Drone x3  
  58  4:56  Drone x4  
  65  5:08  Zergling x12  
  65  5:11  Extractor  
  65  5:12  Lair  
  70  5:19  Extractor  
  69  5:32  Queen x2  
  72  5:35  Drone  
  72  5:36  Drone  
  72  5:38  Overlord  
  72  5:39  Overlord x4  
  73  5:45  Baneling Nest  
  71  5:57  Queen  
  71  5:59  Zergling x14  
  71  6:00  Zergling x18  
  89  6:06  Zergling x8  
  89  6:10  Zerg Ground Armor Level 2, Evolution Chamber  
  92  6:20  Drone  
  92  6:22  Drone x3  
  92  6:23  Extractor  
  92  6:24  Overlord  
  92  6:25  Zergling x8  
  96  6:26  Zergling x2  
  96  6:28  Drone  
  101  6:32  Overlord  
  101  6:33  Overlord  
  101  6:39  Overlord x2  
  101  6:42  Hatchery  
  101  6:44  Zergling x10  
  105  6:50  Overlord x2  
  105  6:51  Centrifical Hooks  
  105  6:58  Zerg Melee Weapons Level 1  
  101  7:06  Drone x2  
  103  7:14  Zergling x20  
  103  7:15  Zergling x10  
  107  7:19  Zergling x4  
  107  7:21  Baneling  
  107  7:22  Baneling x13  
  105  7:23  Baneling  
  105  7:33  Zergling x4  
  105  7:34  Zergling x16  
  115  7:38  Drone x2  
  115  7:40  Infestation Pit  
  115  7:41  Zergling x6  
  119  7:45  Drone x2  
  120  7:56  Zergling x2  
  120  7:57  Zergling x12  
  122  8:03  Drone x7  
  124  8:08  Extractor  
  124  8:09  Extractor  
  121  8:18  Hive  
  121  8:21  Drone x3  
  121  8:23  Drone x3  
  121  8:24  Zergling x10  
  131  8:30  Zergling x8  
  135  8:34  Baneling x8  
  135  8:35  Baneling x10  
  135  8:38  Drone x3  
  138  8:44  Zergling x12  
  144  8:54  Zergling x8  
  144  8:55  Zergling x16  
  156  9:08  Zergling x22  
  167  9:12  Zerg Melee Weapons Level 2  
  167  9:21  Extractor  
  166  9:28  Zergling x30  
  147  9:49  Adrenal Glands  
  147  9:51  Zergling x34, Ultralisk Cavern  
  147  9:52  Zergling x4  
  142  10:06  Zergling x14  
  128  10:19  Zerg Ground Armor Level 3  
  128  10:23  Drone x3  
  128  10:24  Drone x4  
  128  10:27  Baneling x4  
  128  10:28  Baneling x7  
  135  10:32  Drone  
  136  10:40  Chitinous Plating  
  136  10:41  Queen  
  138  10:43  Zergling x20  
  138  10:48  Baneling x9  
  138  10:49  Baneling  
  148  10:51  Extractor  
  147  10:57  Pneumatized Carapace  
  147  10:59  Zergling x2  
  147  11:00  Zergling x20  
  147  11:02  Zergling x2  
  159  11:10  Zergling x8  
  159  11:11  Zergling x12  
  143  11:27  Zergling x2  
  143  11:28  Zergling x20  
  143  11:31  Baneling x11  
  143  11:32  Baneling x7  
  149  11:36  Ultralisk  
  155  11:48  Drone x3  
  157  11:56  Overlord x2  
  157  11:57  Overlord x2  
  151  12:08  Drone x7  
  145  12:09  Drone x4  
  145  12:10  Drone  
  145  12:11  Drone  
  154  12:20  Ultralisk x2  
  168  12:31  Drone  
  168  12:32  Drone x3  
Show
View Real Time Build Order
Export as new Build Order

ZertoN Terran - Winner!

Build Orders: Reaper Expand, Bio Tank 

Get SALT Encoding   

  12  0:00  SCV  
  13  0:13  SCV  
  14  0:17  Supply Depot  
  14  0:25  SCV  
  15  0:39  SCV  
  15  0:40  Barracks  
  16  0:44  Refinery  
  16  0:51  SCV  
  17  1:03  SCV  
  18  1:15  SCV  
  19  1:28  Reaper, Orbital Command  
  20  1:40  Command Center  
  20  1:50  Supply Depot  
  20  1:54  SCV  
  21  2:00  Marine  
  22  2:06  SCV  
  23  2:08  Factory  
  23  2:18  SCV  
  23  2:21  Barracks Reactor  
  24  2:30  SCV  
  25  2:42  SCV  
  25  2:44  Command Center  
  25  2:53  Orbital Command  
  25  2:54  SCV  
  26  3:02  Hellion  
  26  3:03  Hellion  
  30  3:06  SCV  
  30  3:08  Barracks Tech Lab  
  31  3:18  SCV  
  32  3:21  SCV  
  32  3:23  Hellion  
  32  3:25  Hellion  
  32  3:26  Marine  
  38  3:30  SCV  
  38  3:31  Stimpack  
  38  3:33  SCV  
  40  3:43  SCV  
  40  3:48  Marine  
  42  3:52  Barracks  
  42  3:54  SCV  
  42  3:55  SCV  
  44  3:56  Refinery, Barracks, Factory Reactor  
  44  3:57  Orbital Command  
  44  4:05  Marine  
  44  4:06  SCV  
  44  4:07  SCV  
  47  4:14  Engineering Bay x2  
  47  4:19  SCV x2  
  47  4:23  Marine  
  50  4:24  SCV  
  50  4:31  SCV  
  51  4:33  Hellion x2  
  55  4:43  SCV x2  
  46  4:56  Terran Infantry Armor Level 1, Terran Infantry Weapons Level 1  
  46  4:58  SCV  
  47  5:08  SCV x2  
  47  5:11  Factory Reactor  
  47  5:13  SCV  
  47  5:14  Refinery x2  
  50  5:20  Starport  
  50  5:22  SCV x2  
  50  5:25  SCV  
  50  5:27  Marine x3  
  56  5:29  Marine  
  56  5:32  Marine  
  58  5:41  SCV  
  59  5:43  Supply Depot  
  59  5:45  SCV  
  59  5:47  Supply Depot  
  61  5:51  Combat Shields  
  61  5:52  Marine  
  61  6:01  Armory  
  61  6:04  SCV x2, Marine x3  
  61  6:05  Factory Tech Lab  
  61  6:07  Supply Depot  
  61  6:08  Medivac x2  
  61  6:09  Supply Depot  
  70  6:12  Marine x2  
  70  6:17  Orbital Command, SCV x2  
  74  6:22  Marine  
  74  6:25  Marine x2  
  76  6:29  Marine, SCV x2  
  76  6:30  Supply Depot  
  80  6:33  Marine  
  80  6:38  Siege Tank  
  84  6:40  Marine  
  84  6:41  SCV x2  
  84  6:43  Marine x2  
  84  6:46  SCV  
  90  6:53  SCV x2  
  96  6:55  Terran Infantry Weapons Level 2  
  96  6:56  Terran Infantry Armor Level 2  
  96  6:58  SCV  
  91  7:05  SCV  
  91  7:06  Marine  
  91  7:07  Marine  
  94  7:15  SCV x2  
  94  7:19  SCV  
  97  7:23  Marine  
  97  7:24  Marine x2  
  97  7:27  SCV  
  97  7:28  Barracks  
  97  7:29  Barracks  
  101  7:30  Supply Depot  
  101  7:32  Siege Tank, Medivac x2, SCV  
  109  7:42  Supply Depot  
  109  7:50  SCV  
  109  7:52  SCV x2, Marine  
  110  8:01  Marine x4  
  110  8:03  Medivac x2  
  110  8:04  Siege Tank, SCV  
  121  8:09  Marine  
  122  8:15  Refinery x2  
  122  8:17  Supply Depot, SCV x2  
  122  8:18  Supply Depot  
  122  8:19  Supply Depot x2, Terran Vehicle And Ship Armor Level 1, Marine  
  125  8:20  Marine  
  125  8:25  Marine  
  125  8:26  Barracks Reactor x2, Marine  
  128  8:27  Marine  
  129  8:36  Siege Tank, Marine  
  129  8:38  Marine  
  138  8:43  Marine  
  138  8:44  Factory, Marine  
  138  8:45  Marine  
  137  8:49  Barracks  
  137  8:50  Barracks x2  
  137  8:54  Marine  
  138  8:56  Marine  
  138  9:01  Marine  
  138  9:02  Command Center, Marine  
  145  9:03  Marine  
  145  9:08  Siege Tank  
  149  9:10  Marine x2  
  149  9:11  Marine x2  
  149  9:12  Marine  
  149  9:14  Supply Depot x2, Marine  
  149  9:15  Terran Infantry Weapons Level 3  
  151  9:18  Terran Infantry Armor Level 3, Marine  
  151  9:19  Marine  
  151  9:21  Marine  
  154  9:28  Marine x4  
  158  9:31  Marine  
  158  9:32  Marine  
  158  9:37  Supply Depot  
  158  9:38  Marauder  
  160  9:39  Supply Depot x2  
  160  9:40  Siege Tank, Supply Depot  
  105  9:59  Marauder, Marine x2  
  102  10:01  Marine x2  
  102  10:04  Marine x3  
  97  10:07  SCV x2  
  97  10:09  SCV  
  97  10:13  Siege Tank, Factory Tech Lab  
  101  10:14  Medivac x2  
  101  10:17  Marine  
  101  10:18  Marine x2  
  101  10:19  SCV x2  
  111  10:21  SCV  
  111  10:22  Supply Depot  
  111  10:27  Barracks Tech Lab x2  
  112  10:29  Barracks Reactor  
  112  10:30  Marine x3  
  112  10:31  Concussive Shells, SCV  
  112  10:32  SCV  
  112  10:33  SCV  
  112  10:35  Marine x2  
  119  10:44  Marine  
  119  10:45  Siege Tank, Marine x4  
  119  10:46  Marauder  
  119  10:49  Liberator x2  
  129  10:52  Marine x3  
  129  10:53  Marine x2  
  134  11:02  Marine  
  134  11:03  Marauder, Marine  
  138  11:05  Siege Tank  
  147  11:17  Planetary Fortress, Siege Tank  
  150  11:23  SCV x2  
  150  11:24  Marine x2  
  139  11:26  Marine x2  
  139  11:29  Marine x2  
  143  11:33  SCV  
  143  11:35  SCV  
  143  11:36  Sensor Tower  
  143  11:37  Siege Tank  
  143  11:38  Sensor Tower  
  148  11:46  Marauder x2, Marine x4  
  156  11:47  Marine x3  
  159  11:56  Marauder  
  159  11:58  Marine x2  
  159  11:59  Marine  
  164  12:03  Siege Tank  
  164  12:04  Marine  
  164  12:07  Marauder  
  164  12:08  Marauder, Marine x2  
  169  12:14  Marine  
  168  12:17  Marauder  
  170  12:28  Marauder  
  178  12:31  Marauder  
  178  12:32  Marine  
  178  12:34  Marine x2  
  178  12:36  Marine  
  184  12:38  Marauder  
  184  12:39  Marine  
  184  12:42  Marine  
  169  12:58  Sensor Tower  
Tags
 
Composition
Bio Tank
League
Master
Matchup
TvZ
Spawn Locations
Cross Positions
Add a new tag
Caveats
  • Supply blocks, unpowered buildings, or Contaminate may cause inaccurate times.
  • Supply counts are checked every 10 seconds.